 Dungeon Crawl Stone Soup version 0.21.1-1-g345015f (webtiles) character file.

63 empire the Ducker (level 4, -4/38 HPs)
             Began as a Gnoll Gladiator on Apr 4, 2018.
             Slain by Crazy Yiuf
             ... wielding a +4 quarterstaff of chaos
              (11 damage)
             ... on level 2 of the Dungeon.
             The game lasted 00:01:51 (1319 turns).

empire the Ducker (Gnoll Gladiator)                 Turns: 1319, Time: 00:01:52

Health: -4/38      AC:  6    Str: 16    XL:     4   Next: 10%
Magic:  1/5        EV: 12    Int: 10    God:
Gold:   51         SH:  8    Dex: 18    Spells: 5/5 levels left

rFire    . . .     SeeInvis .   a - +0 war axe
rCold    . . .     Gourm    .   g - +0 shield
rNeg     . . .     Faith    .   l - +0 ring mail
rPois    .         Spirit   .   c - +0 helmet
rElec    .         Reflect  .   (no cloak)
rCorr    .         Harm     .   (no gloves)
MR       .....                  (no boots)
Stlth    +.........             (no amulet)
HPRegen  0.12/turn              (no ring)
MPRegen  0.09/turn              (no ring)

@: no status effects
A: distributed training, fangs 1, strong nose
a: no special abilities


You were on level 2 of the Dungeon.
You were very hungry.

You visited 1 branch of the dungeon, and saw 2 of its levels.

You collected 51 gold pieces.

Inventory:

Hand Weapons
 a - a +0 war axe (weapon)
Missiles
 d - 3 throwing nets (quivered)
Armour
 c - a +0 helmet (worn)
 g - a +0 shield (worn)
 l - a +0 ring mail (worn)
Scrolls
 b - a scroll of random uselessness {unknown}
 h - a scroll of teleportation {unknown}
 j - 2 scrolls of fog {unknown}
 n - a scroll of immolation {unknown}
 o - a scroll of noise {unknown}
 p - a scroll of blinking {unknown}
Potions
 e - 3 potions of might {unknown}
 i - a potion of curing {unknown}
 k - a potion of resistance {unknown}
 m - a potion of mutation {unknown}
Comestibles
 f - 2 rations


   Skills:
 + Level 4.6 Fighting
 + Level 1.0 Short Blades
 + Level 1.0 Long Blades
 + Level 6.5 Axes
 + Level 1.0 Maces & Flails
 + Level 1.0 Polearms
 + Level 1.0 Staves
 + Level 1.0 Slings
 + Level 1.0 Bows
 + Level 1.0 Crossbows
 + Level 4.6 Throwing
 + Level 1.0 Armour
 + Level 6.5 Dodging
 + Level 1.0 Stealth
 + Level 1.0 Shields
 + Level 1.0 Unarmed Combat
 + Level 1.0 Spellcasting
 + Level 0.7 Conjurations
 + Level 0.7 Hexes
 + Level 0.7 Charms
 + Level 0.7 Summonings
 + Level 0.7 Necromancy
 + Level 0.7 Translocations
 + Level 0.7 Transmutations
 + Level 0.7 Fire Magic
 + Level 0.7 Ice Magic
 + Level 0.7 Air Magic
 + Level 0.7 Earth Magic
 + Level 0.7 Poison Magic
 + Level 1.1 Invocations
 + Level 1.0 Evocations


You had 5 spell levels left.
You didn't know any spells.

Dungeon Overview and Level Annotations

Branches:
Dungeon (2/15)

Altars:
Vehumet

Annotations:
D:2 Crazy Yiuf


Innate Abilities, Weirdness & Mutations

Your experience applies equally to all skills.
You have very sharp teeth.
Your uncanny sense of smell can sniff out nearby items.


Message History

You block Crazy Yiuf's attack.
You completely miss Crazy Yiuf. Crazy Yiuf closely misses you.
Crazy Yiuf barely misses you.
You hit Crazy Yiuf but do no damage.
Crazy Yiuf hits you with a quarterstaff of chaos!
You barely miss Crazy Yiuf. You bite Crazy Yiuf.
Crazy Yiuf is lightly wounded.
You block Crazy Yiuf's attack.
You barely miss Crazy Yiuf. You bite Crazy Yiuf.
Crazy Yiuf is lightly wounded.
Crazy Yiuf hits you with a quarterstaff of chaos!
You hit Crazy Yiuf. Your bite misses Crazy Yiuf.
Crazy Yiuf is moderately wounded.
Crazy Yiuf hits you with a quarterstaff of chaos!
* * * LOW HITPOINT WARNING * * *
You feel your power leaking away.
You hit Crazy Yiuf.
Crazy Yiuf is heavily wounded.
Crazy Yiuf hits you with a quarterstaff of chaos!
You die...

♣....♣ #.#
♣...♣♣ #.#
♣♣.♣♣ #.#
♣.♣♣ #.#
♣♣.♣ #.#
♣.♣♣ #.#
♣♣.♣ #.#
##'## #.#
#.@.# #.#
#.g.# #.#
#..)#
#.##########
#####
#...........
#.##########
#..# ##.#
#.# ## #.###
#.


You could see Crazy Yiuf.

Vanquished Creatures
  Jessica (D:2)
  An ooze (D:1)
  A worm (D:2)
  A dart slug (D:1)
  2 leopard geckos
  4 bats
  3 giant cockroaches
  2 goblins
  3 hobgoblins
  A quokka (D:2)
  3 frilled lizards
  7 rats
29 creatures vanquished.

Notes
Turn   | Place    | Note
-------+----------+-------------------------------------------
     0 | D:1      | empire the Gnoll Gladiator began the quest for the Orb.
     0 | D:1      | Reached XP level 1. HP: 20/20 MP: 1/1
   216 | D:1      | Reached XP level 2. HP: 15/26 MP: 2/2
   849 | D:2      | Found a runed door.
   892 | D:2      | Reached XP level 3. HP: 31/31 MP: 3/3
   902 | D:2      | Noticed Jessica
   906 | D:2      | Killed Jessica
   906 | D:2      | Reached skill level 1 in Invocations
   951 | D:2      | Reached skill level 1 in Short Blades
   951 | D:2      | Reached skill level 1 in Long Blades
   951 | D:2      | Reached skill level 1 in Maces & Flails
   951 | D:2      | Reached skill level 1 in Polearms
   951 | D:2      | Reached skill level 1 in Staves
   951 | D:2      | Reached skill level 1 in Slings
   951 | D:2      | Reached skill level 1 in Bows
   951 | D:2      | Reached skill level 1 in Crossbows
   951 | D:2      | Reached skill level 1 in Armour
   951 | D:2      | Reached skill level 1 in Stealth
   951 | D:2      | Reached skill level 1 in Shields
   951 | D:2      | Reached skill level 1 in Unarmed Combat
   951 | D:2      | Reached skill level 1 in Spellcasting
   951 | D:2      | Reached skill level 1 in Evocations
  1005 | D:2      | Found a radiant altar of Vehumet.
  1052 | D:2      | Reached XP level 4. HP: 25/38 MP: 5/5
  1309 | D:2      | Noticed Crazy Yiuf
  1319 | D:2      | Slain by Crazy Yiuf

Skill      XL: |  1  2  3 |
---------------+----------+-----
Invocations    | 1 |  1.1
Short Blades   | 1 |  1.0
Long Blades    | 1 |  1.0
Maces & Flails | 1 |  1.0
Polearms       | 1 |  1.0
Staves         | 1 |  1.0
Slings         | 1 |  1.0
Bows           | 1 |  1.0
Crossbows      | 1 |  1.0
Armour         | 1 |  1.0
Stealth        | 1 |  1.0
Shields        | 1 |  1.0
Unarmed Combat | 1 |  1.0
Spellcasting   | 1 |  1.0
Evocations     | 1 |  1.0
Fighting       | |  4.6
Axes           | |  6.5
Throwing       | |  4.6
Dodging        | |  6.5
Conjurations   | |  0.7
Hexes          | |  0.7
Charms         | |  0.7
Summonings     | |  0.7
Necromancy     | |  0.7
Translocations | |  0.7
Transmutations | |  0.7
Fire Magic     | |  0.7
Ice Magic      | |  0.7
Air Magic      | |  0.7
Earth Magic    | |  0.7
Poison Magic   | |  0.7

Action                   |  1- 3 |  4- 6 || total
-------------------------+-------+-------++-------
Melee: War axe           |    76 |    12 ||    88
       Bite              |     9 |     3 ||    12
 Stab: Sleeping          |       |     1 ||     1
Armor: Leather armour    |    15 |       ||    15
       Ring mail         |     9 |     1 ||    10
Dodge: Dodged            |    48 |     3 ||    51
Block: Shield            |    33 |     4 ||    37
